 Dungeon Crawl Stone Soup version 0.24.0-13-gcf9b3192b9 (webtiles) character file.

Game seed: 13524403072633056567, levelgen mode: deterministic

35 MisterOstroum the Skirmisher (level 3, -4/29 HPs)
             Began as a Demonspawn Monk on Nov 7, 2019.
             Slain by a centaur (7 damage)
             ... on level 2 of the Dungeon.
             The game lasted 00:00:56 (1236 turns).

MisterOstroum the Skirmisher (Demonspawn Monk)      Turns: 1236, Time: 00:00:57

Health: -4/29      AC:  6    Str: 12    XL:     3   Next: 16%
Magic:  3/3        EV: 13    Int: 11    God:
Gold:   9          SH:  0    Dex: 15    Spells: 2/2 levels left

rFire    . . .     SeeInvis .   a - +0 spear
rCold    . . .     Gourm    .   (no shield)
rNeg     . . .     Faith    .   b - +0 robe
rPois    .         Spirit   .   (no helmet)
rElec    .         Reflect  .   (no cloak)
rCorr    .         Harm     .   (no gloves)
MR       .....                  (no boots)
Stlth    ++........             (no amulet)
HPRegen  0.09/turn              (no ring)
MPRegen  0.08/turn              (no ring)

@: no status effects
A: iridescent scales 2
a: no special abilities


You were on level 2 of the Dungeon.
You were not hungry.

You visited 1 branch of the dungeon, and saw 2 of its levels.

You collected 9 gold pieces.

Inventory:

Hand Weapons
 a - a +0 spear (weapon)
Armour
 b - a +0 robe (worn)
Scrolls
 d - 2 scrolls of identify {unknown}
 f - a scroll of teleportation {unknown}
 g - 2 scrolls of remove curse {unknown}
Potions
 h - a potion of lignification {unknown}
 i - a potion of curing {unknown}
Comestibles
 c - 6 chunks of flesh
 e - 2 rations


   Skills:
 * Level 3.5 Fighting
 * Level 3.2 Polearms
 + Level 3.0 Dodging
 - Level 1.7 Stealth


You had 2 spell levels left.
You didn't know any spells.
Your spell library was empty.

Dungeon Overview and Level Annotations

Branches:
Dungeon (2/15)

Altars:


Innate Abilities, Weirdness & Mutations

You are mostly covered in iridescent scales. (AC +4)


Message History

The dart slug launches a dart at you. The slug dart hits you.
Attack whom?
Press: ? - help, Dir - move target cursor, f - dart slug
Aim: a dart slug (clinging)
You reach to attack!
You hit the dart slug.
The dart slug is heavily wounded.
Attack whom?
Press: ? - help, Dir - move target cursor, f/p - dart slug
Aim: a dart slug (heavily wounded, clinging)
You reach to attack!
You hit the dart slug.
The dart slug is severely wounded.
You completely miss the dart slug.
The dart slug is severely wounded.
The dart slug barely misses you.
You hit the dart slug.
The dart slug is severely wounded.
You hit the dart slug.
You kill the dart slug!
No target in view!
No target in view!
No target in view!
No target in view!
No target in view!
No target in view!
No target in view!
No target in view!
No target in view!
HP restored.
Found a whip.
You see here a dart slug corpse.
You butcher the dart slug corpse.
c - 5 chunks of flesh (gained 1)
A hobgoblin comes into view.
The hobgoblin shouts!
Found a stone staircase leading down.
A hobgoblin is nearby!
You barely miss the hobgoblin. You hit the hobgoblin but do no damage.
The hobgoblin hits you but does no damage.
You hit the hobgoblin.
The hobgoblin is almost dead.
The hobgoblin hits you.
You hit the hobgoblin.
You kill the hobgoblin!
No target in view!
No target in view!
No target in view!
No target in view!
No target in view!
No target in view!
No target in view!
No target in view!
No target in view!
No target in view!
No target in view!
No target in view!
No target in view!
No target in view!
No target in view!
You butcher the hobgoblin corpse.
c - 6 chunks of flesh (gained 1)
You see here a hobgoblin skeleton. x2
A centaur comes into view.
A centaur is nearby!
A centaur is nearby!
The centaur shouts!
You hear a shout! x2
No target in view!
No target in view!
No target in view!
No target in view!
No target in view!
No target in view!
No target in view!
No target in view!
No target in view!
No target in view!
No target in view!
The centaur hits you but does no damage.
A hobgoblin comes into view.
The centaur hits you.
You hit the centaur but do no damage. The centaur hits you.
You barely miss the centaur. The centaur hits you!
A goblin comes into view. It is wielding a +2 dagger of speed.
You hit the centaur.
The centaur is lightly wounded.
The centaur closely misses you. The centaur hits you!
You hit the centaur.
The centaur is moderately wounded.
The centaur hits you.
* * * LOW HITPOINT WARNING * * *
The goblin hits you with a +2 dagger of speed.
* * * LOW HITPOINT WARNING * * *
You hit the centaur.
The centaur is moderately wounded.
The centaur hits you but does no damage.
The goblin hits you with a +2 dagger of speed.
* * * LOW HITPOINT WARNING * * *
The centaur hits you!
You die...

..####.).##รท#####.###
...................#
###....####.###.#.#
#.#.## #.# #.#.# #
##.#.# #.# #.#..
#.##....# #.# #....
#......# #.# ###..
#.##g..## #.# #.)
#@### #.# #..
........c........# #<.
#######g####### #..
#.# ... #.# ##.# #.#
#.# #.# #.# #.# ...
...


You could see a centaur, a hobgoblin and a goblin.

Vanquished Creatures
  4 dart slugs
  A leopard gecko (D:1)
  3 bats
  2 giant cockroaches (D:1)
  3 hobgoblins
  2 jackals (D:1)
  2 kobolds (D:1)
  3 frilled lizards (D:1)
  2 goblins (D:1)
  4 rats (D:1)
26 creatures vanquished.

Notes
Turn   | Place    | Note
-------+----------+-------------------------------------------
     0 | D:1      | MisterOstroum the Demonspawn Monk began the quest for the
                  | Orb.
     0 | D:1      | Reached XP level 1. HP: 18/18 MP: 1/1
   296 | D:1      | Gained mutation: You are partially covered in iridescent
                  | scales. (AC +2) [demonic ancestry]
   296 | D:1      | Reached XP level 2. HP: 15/24 MP: 2/2
  1049 | D:1      | Gained mutation: You are mostly covered in iridescent
                  | scales. (AC +4) [demonic ancestry]
  1049 | D:1      | Reached XP level 3. HP: 29/29 MP: 3/3
  1228 | D:2      | Noticed a centaur
  1236 | D:2      | Slain by a centaur

Levels and vault maps discovered:
D:1:      matt_arrival_los_fun, layout_basic, serial_forest,
          infiniplex_forest_3_way, infiniplex_forest_end_2,
          infiniplex_forest_lined_room_2, infiniplex_forest_clump_double,
          infiniplex_forest_straight_2, infiniplex_forest_clump_double
D:2:      layout_loops_ring

Skill      XL: |  1  2  3 |
---------------+----------+-----
Polearms       | 3 |  3.2
Dodging        | 3 |  3.0
Fighting       | |  3.5
Stealth        | |  1.7

Action                   || total
-------------------------++-------
Melee: Spear             ||   117
 Stab: Sleeping          ||     6
       Distracted        ||     1
  Eat: Chunk             ||     1
Armor: Robe              ||    23
Dodge: Dodged            ||    58
